 Dungeon Crawl Stone Soup version 0.28-a0-861-ge64d6db94f (webtiles) character file.

Game seed: 11296682244395288116

728 Twinkles the Caller (level 7, -2/36 HPs)
             Began as a Deep Elf Summoner on Nov 15, 2021.
             Slain by Prince Ribbit (17 damage)
             ... on level 4 of the Dungeon.
             The game lasted 00:43:41 (6792 turns).

Twinkles the Caller (Deep Elf Summoner)             Turns: 6792, Time: 00:43:41

Health: -2/36      AC:  3    Str:  7    XL:     7   Next: 44%
Magic:  14/17      EV: 14    Int: 20    God:
Gold:   201        SH:  0    Dex: 15    Spells: 12/17 levels left

rFire   . . .      SeeInvis .   a - +2 dagger (venom)
rCold   . . .      Faith    .   (no shield)
rNeg    . . .      Spirit   .   f - +0 robe
rPois   .          Reflect  .   (no helmet)
rElec   .          Harm     .   p - +0 cloak
rCorr   .          Rampage  .   (no gloves)
Will    .....                   (no boots)
Stlth   +++.......              (no amulet)
HPRegen 0.12/turn               (no ring)
MPRegen 0.15/turn               (no ring)

@: no status effects
A: no striking features
a: no special abilities


You were on level 4 of the Dungeon.
You visited 1 branch of the dungeon, and saw 5 of its levels.

You collected 201 gold pieces.

Inventory:

Hand Weapons
 a - a +2 dagger of venom (weapon)
 b - a +0 hunting sling
 m - a +0 rapier
Missiles
 j - 49 sling bullets
 o - 13 poisoned darts
 s - 111 stones (quivered)
Armour
 f - a +0 robe (worn)
 p - a +0 cloak (worn)
Scrolls
 c - 2 scrolls of identify {unknown}
 d - a scroll of amnesia
 g - a scroll of noise {unknown}
 i - a scroll of teleportation {unknown}
 n - a scroll of torment {unknown}
Potions
 e - a potion of curing {unknown}
 h - a potion of lignification {unknown}
 k - a potion of might {unknown}
 l - 2 potions of mutation {unknown}


   Skills:
 - Level 5.2 Dodging
 - Level 5.4 Stealth
 - Level 5.7 Spellcasting
 + Level 0.8 Conjurations
 - Level 6.0 Summonings
 * Level 2.3 Air Magic
 + Level 0.8 Poison Magic


You had 12 spell levels left.
You knew the following spells:

 Your Spells              Type           Power      Damage    Failure   Level
b - Call Imp              Summ           30%        N/A       1%          2
c - Call Canine Familiar  Summ           30%        N/A       2%          3

Your spell library contained the following spells:

 Spells                   Type           Power      Damage    Failure   Level
 Summon Small Mammal      Summ           100%       N/A       1%          1
 Summon Guardian Golem    Hex/Summ       17%        N/A       10%         3
 Mephitic Cloud           Conj/Pois/Air  11%        N/A       19%         3
 Summon Lightning Spire   Summ/Air       22%        N/A       19%         4
 Dazzling Flash           Conj/Hex       14%        N/A       26%         3
 Ignite Poison            Fire/Tmut/Pois 6%         N/A       28%         3
 Gell's Gravitas          Tloc           5%         N/A       32%         3
 Lesser Beckoning         Tloc           5%         N/A       32%         3
 Teleport Other           Tloc           5%         N/A       32%         3
 Freezing Cloud           Conj/Ice/Air   5%         6-21      88%         5
 Silence                  Hex/Air        5%         N/A       88%         5
 Agony                    Necr           5%         N/A       96%         5


Dungeon Overview and Level Annotations

Branches:
Dungeon (5/15)
 Temple: D:4-7

Altars:
Cheibriados
Kikubaaqudgha
Sif Muna
Vehumet

Shops:
D:1 (

Annotations:
D:4 Duvessa, Prince Ribbit


Message History

There is a stone staircase leading down here.
You start resting.
You hear a shout! x8
Magic restored.
You start resting.
You hear a shout! x55
HP restored.
You hear a shout! x2
Found a snail-covered altar of Cheibriados.
You hear a shout!
There is a snail-covered altar of Cheibriados here.
You hear a shout!
You hear a shout!
You hear a shout!
You hear a shout!
You hear a shout!
There is a stone staircase leading down here.
You hear a shout! x2
You climb downwards.
Level annotation: Prince Ribbit Prince Ribbit misses you.
Prince Ribbit barely misses you.
There is a stone staircase leading up here.
Prince Ribbit hits you! Prince Ribbit misses you.
You climb upwards.
Level annotation: Duvessa
There is a stone staircase leading down here.
Casting: Call Canine Familiar (dangerous; 2% risk of failure)
Confirm with . or Enter, or press ? or * to list all spells.
Okay, then.
Unknown command.
Casting: Call Canine Familiar (dangerous; 2% risk of failure)
Confirm with . or Enter, or press ? or * to list all spells.
Prince Ribbit hits you!
Your hound bites Prince Ribbit.
Prince Ribbit hits you but does no damage.
You closely miss Prince Ribbit.
Prince Ribbit is lightly wounded.
Your hound closely misses Prince Ribbit.
Prince Ribbit hits you!
You die...

### ### ###8###8###
###8...8...8###
########.........####
......#_.......hF>#.#
......##........@##.#
......##8...8...8##.#
###.## ###8###8### .#
# ### ### #


You could see Prince Ribbit (ally target) and a friendly hound (summoned).

Vanquished Creatures
  A hound (D:4)
  2 orc wizards (D:3)
  3 adders
  An adder skeleton (D:2)
  2 ball pythons
  2 bats
  7 endoplasms
  A giant cockroach (D:1)
  8 goblins
  7 hobgoblins
  2 quokkas
  4 frilled lizards
  4 kobolds
  4 rats
48 creatures vanquished.

Vanquished Creatures (collateral kills)
  An ogre (D:4)
  A necrophage (D:3)
  Blork the orc (D:4)
  Dowan (D:4)
  2 hounds (D:4)
  A gnoll shaman (D:5)
  An orc wizard (D:3)
  Robin (D:3)
  8 gnolls
  4 adders
  2 worms
  A dart slug (D:3)
  An orc (D:4)
  4 endoplasms
  3 giant cockroaches
  6 goblins
  7 hobgoblins
  2 quokkas
  4 ball pythons
  A bat (D:1)
  A frilled lizard (D:2)
  2 kobolds
  4 rats
59 creatures vanquished.

Grand Total: 107 creatures vanquished

Notes
Turn   | Place    | Note
-------+----------+-------------------------------------------
     0 | D:1      | Twinkles the Deep Elf Summoner began the quest for the Orb.
     0 | D:1      | Reached XP level 1. HP: 10/10 MP: 6/6
    10 | D:1      | Noticed a centaur
    66 | D:1      | Found Situck's Weapon Boutique.
   582 | D:1      | Reached XP level 2. HP: 15/15 MP: 6/8
   587 | D:1      | Learned a level 2 spell: Call Imp
  1065 | D:1      | Reached XP level 3. HP: 15/19 MP: 7/10
  1580 | D:2      | Learned a level 3 spell: Call Canine Familiar
  2130 | D:2      | Upgraded the game from 0.28-a0-851-g8b9cc49659 to
                  | 0.28-a0-861-ge64d6db94f
  2174 | D:2      | Reached XP level 4. HP: 24/24 MP: 5/11
  2179 | D:2      | HP: 5/24 [gnoll (13)]
  2536 | D:2      | Reached skill level 5 in Summonings
  2910 | D:3      | Noticed a necrophage
  3193 | D:3      | Noticed Robin
  3197 | D:3      | Killed Robin
  3198 | D:3      | Reached XP level 5. HP: 27/28 MP: 11/13
  3454 | D:3      | Found an ancient bone altar of Kikubaaqudgha.
  3496 | D:3      | HP: 4/28 [something/puff of flame (8)]
  3865 | D:3      | Killed a necrophage
  3866 | D:3      | Reached XP level 6. HP: 25/32 MP: 9/15
  4119 | D:3      | Reached skill level 5 in Spellcasting
  4167 | D:3      | Found a shimmering blue altar of Sif Muna.
  4177 | D:3      | Found a radiant altar of Vehumet.
  4202 | D:3      | Found a faded altar of an unknown god.
  4768 | D:4      | Noticed Duvessa
  4851 | D:4      | Noticed Dowan
  5254 | D:4      | Reached skill level 5 in Stealth
  5254 | D:4      | Reached skill level 1 in Air Magic
  5640 | D:4      | Noticed Blork the orc
  5677 | D:4      | Killed Blork the orc
  5678 | D:4      | Reached skill level 5 in Dodging
  5678 | D:4      | Reached XP level 7. HP: 21/36 MP: 11/17
  5838 | D:4      | Reached skill level 6 in Summonings
  5953 | D:4      | Killed Dowan
  6274 | D:5      | Entered Level 5 of the Dungeon
  6485 | D:5      | Noticed Prince Ribbit
  6492 | D:5      | HP: 3/36 [Prince Ribbit (17)]
  6768 | D:4      | Found a snail-covered altar of Cheibriados.
  6792 | D:4      | Slain by Prince Ribbit

Illustrated notes

Levels and vault maps discovered:
D:1:      evilmike_arrival_come_back, layout_rooms, serial_shops,
          nicolae_diamond_shop, minmay_hexomino_f4
D:2:      layout_loops_ring
D:3:      layout_basic, palyth_temple_overflow_mages,
          ebering_ecumenical_altar_petrified, uniq_robin
D:4:      layout_basic, lightli_temple_of_fire, nicolae_overflow_hidden_temple,
          minmay_quantized, uniq_edmund, uniq_duvessa, uniq_blork_the_orc,
          uniq_crazy_yiuf_cottage
D:5:      layout_loops_ring, minmay_temple_entry_large_hall, serial_shops,
          nicolae_take_the_stairs, minivault_1, uniq_prince_ribbit1

Skill      XL: |  1  2  3  4  5  6  7 |
---------------+----------------------+-----
Dodging        | 3 4 5 |  5.2
Stealth        | 3 4 5 |  5.4
Spellcasting   | 4 5 |  5.7
Summonings     | 5 6 |  6.0
Air Magic      | 1 2 |  2.3
Conjurations   | |  0.8
Poison Magic   | |  0.8

Action                   |  1- 3 |  4- 6 |  7- 9 || total
-------------------------+-------+-------+-------++-------
Melee: Unarmed           |     7 |       |       ||     7
       Rapier            |    60 |     1 |       ||    61
       Dagger            |       |    54 |    20 ||    74
 Fire: Hunting sling     |       |    18 |       ||    18
Throw: Stone             |       |     2 |       ||     2
 Cast: Summon Small Mamm |    11 |     2 |       ||    13
       Call Imp          |    16 |    16 |     6 ||    38
       Call Canine Famil |     1 |    27 |    14 ||    42
  Use: Scroll            |       |     1 |       ||     1
 Stab: Sleeping          |     2 |     8 |       ||    10
Armor: Robe              |    19 |     5 |     7 ||    31
Dodge: Dodged            |    75 |    40 |    16 ||   131

Table legend: (Time is in decaauts)
 A = Elapsed time spent in this place.
 B = Non-inter-level travel time spent in this place.
 C = Inter-level travel time spent in this place.
 D = Time resting spent in this place.
 E = Time spent auto-exploring this place.
 F = Levels seen in this place.
 G = Mean time per level.
                   A        B        C        D        E       F      G
               +--------+--------+--------+--------+--------+-----+--------+
         Total |   6820 |   5932 |    888 |   1030 |   3512 |   5 | 1364.0 |
       Dungeon |   6820 |   5932 |    888 |   1030 |   3512 |   5 | 1364.0 |
               +--------+--------+--------+--------+--------+-----+--------+

Top non-repeatable levels by time:
     D:2: 1911 daAuts
     D:3: 1813 daAuts
     D:4: 1448 daAuts
     D:1: 1419 daAuts
     D:5: 227 daAuts
